 Dungeon Crawl Stone Soup version 0.20-b1-18-gaa2fd62 (webtiles) character file.

354 lauthentik the Sneak (level 6, 0/42 HPs)
             Began as a Vampire Enchanter on May 24, 2017.
             Slain by an orc
             ... wielding a +0 flail
              (4 damage)
             ... on level 3 of the Dungeon.
             The game lasted 00:08:36 (2147 turns).

lauthentik the Sneak (Vampire Enchanter)            Turns: 2147, Time: 00:08:37

Health: 0/42       AC:  4    Str:  7    XL:     6   Next: 35%
Magic:  1/11       EV: 12    Int: 19    God:
Gold:   226        SH:  3    Dex: 15    Spells: 6/12 levels left

rFire    . . .     SeeInvis +   q - +2 dagger (elec)
rCold    + . .     Gourm    .   l - +0 buckler
rNeg     + + +     Faith    .   b - +0 robe
rPois    +         Spirit   .   (no helmet)
rElec    .         Reflect  .   (no cloak)
rCorr    +         Harm     .   (no gloves)
MR       .....                  i - +1 pair of boots
Stlth    +++++.....             t - amulet of magic regeneration
Regen    0.1/turn               e - ring of resist corrosion
MPRegen  0.2/turn               p - ring of positive energy

@: very slightly contaminated, regenerating slowly
A: fangs 3, see invisible, unbreathing
a: Bat Form


You were on level 3 of the Dungeon.
You were near bloodless.

You visited 1 branch of the dungeon, and saw 3 of its levels.

You collected 226 gold pieces.

Inventory:

Hand Weapons
 a - a +1 dagger
 q - a +2 dagger of electrocution (weapon)
Missiles
 v - 7 tomahawks (quivered)
 w - 3 silver tomahawks
Armour
 b - a +0 robe (worn)
 i - a +1 pair of boots (worn)
 l - a +0 buckler (worn)
Jewellery
 e - a ring of resist corrosion (left hand)
 p - a ring of positive energy (right hand)
 t - an amulet of magic regeneration (around neck)
Wands
 s - a wand of iceblast (7/15)
Scrolls
 f - 5 scrolls of identify {unknown}
 h - a scroll of random uselessness {unknown}
 m - a scroll of recharging {unknown}
 n - a scroll of fog {unknown}
 o - a scroll of blinking {unknown}
 u - a scroll of remove curse {unknown}
 y - a scroll of enchant armour {unknown}
Potions
 d - 23 potions of blood
 g - a potion of heal wounds {unknown}
 j - a potion of curing {unknown}
 k - a potion of lignification {unknown}
 r - a potion of agility {unknown}
 x - a potion of magic {unknown}
Books
 c - a book of Maledictions

   Spells                             Type                      Level
   a - Corona                         Hexes                        1
   b - Ensorcelled Hibernation        Hexes/Ice                    2
   c - Confuse                        Hexes                        3
   d - Tukima's Dance                 Hexes                        3
   e - Dazzling Spray                 Conjuration/Hexes            3


   Skills:
 + Level 0.5 Fighting
 + Level 2.8 Short Blades
 + Level 2.6 Dodging
 + Level 7.2 Stealth
 + Level 3.5 Spellcasting
 + Level 5.4 Hexes
 + Level 1.7 Ice Magic


You had 6 spell levels left.
You knew the following spells:

 Your Spells              Type           Power        Failure   Level  Hunger
a - Ensorcelled Hibernat  Hex/Ice        ###...       9%          2    ##.....
b - Corona                Hex            ###....      2%          1    None
c - Confuse               Hex            ###.....     8%          3    ###....


Dungeon Overview and Level Annotations

Branches:
Dungeon (3/15)

Altars:
Ru
Trog


Innate Abilities, Weirdness & Mutations

You heal slowly.
You have razor-sharp teeth.
You have supernaturally acute eyesight. (SInv)
You can survive without breathing.


Message History

Aim: an orc, wielding a flail (chance to defeat MR: 64%)
The orc resists with significant effort.
You block the orc's attack.
Casting: Ensorcelled Hibernation
Confirm with . or Enter, or press ? or * to list all spells.
Aiming: Ensorcelled Hibernation
Press: ? - help, Shift-Dir - straight line, f/p - orc
Aim: an orc, wielding a flail (chance to defeat MR: 64%)
The orc resists with significant effort.
The orc misses you.
Casting: Ensorcelled Hibernation
Confirm with . or Enter, or press ? or * to list all spells.
Aiming: Ensorcelled Hibernation
Press: ? - help, Shift-Dir - straight line, f/p - orc
Aim: an orc, wielding a flail (chance to defeat MR: 64%)
The orc resists with significant effort.
You closely miss the orc. The orc hits you with a flail!
* * * LOW HITPOINT WARNING * * *
You closely miss the orc. The orc hits you with a flail.
You die...

..........#....# #........[......
......)#..####.###.###.###.######
......)..............#.###.######
......)...............)..........
##.#..#..........#.#.#.###.##.###
##.#..#...####.#.#.#.#.# #.##.# #
...#...................###.##.# #
##.#..#........)...........##.###
..........####.#@o...............
..........# #.#...###.###.##.###
##.##.##### #...# #...........
##.##.# #...# .###.##.### ##.....
..... .......)... ......##
.#...#. .###.##.### ......#
#$#...#.# #.##.# # ##.##.# #...#
# #.##.# # ....... #.# #


You could see an orc.

Vanquished Creatures
  Sigmund (D:3)
  2 orc wizards
  An iguana (D:3)
  3 adders
  3 dart slugs
  2 leopard geckos
  10 orcs (D:3)
  7 giant cockroaches
  7 goblins
  6 hobgoblins
  11 bats
  4 frilled lizards
  12 kobolds
  11 rats
80 creatures vanquished.

Notes
Turn   | Place    | Note
-------+----------+-------------------------------------------
     0 | D:1      | lauthentik the Vampire Enchanter began the quest for the Orb.
     0 | D:1      | Reached XP level 1. HP: 13/13 MP: 3/3
   118 | D:1      | Reached XP level 2. HP: 11/19 MP: 3/5
   122 | D:1      | Learned a level 2 spell: Ensorcelled Hibernation
   595 | D:2      | Reached XP level 3. HP: 22/24 MP: 3/6
   600 | D:2      | Learned a level 3 spell: Confuse
   637 | D:2      | Reached skill level 5 in Stealth
   831 | D:2      | Found a bloodstained altar of Trog.
  1091 | D:2      | Found a sacrificial altar of Ru.
  1095 | D:2      | Reached skill level 5 in Hexes
  1175 | D:2      | Reached XP level 4. HP: 14/30 MP: 2/8
  1609 | D:3      | Noticed Sigmund
  1614 | D:3      | Killed Sigmund
  1614 | D:3      | Reached skill level 6 in Stealth
  1614 | D:3      | Reached skill level 1 in Ice Magic
  1614 | D:3      | Reached XP level 5. HP: 35/36 MP: 6/10
  1644 | D:3      | Reached XP level 6. HP: 42/42 MP: 7/11
  1782 | D:3      | Reached skill level 7 in Stealth
  2147 | D:3      | Slain by an orc

Skill      XL: |  1  2  3  4  5  6 |
---------------+-------------------+-----
Stealth        | 5 6 7 |  7.2
Hexes          | 5 |  5.4
Short Blades   | 2 |  2.8
Spellcasting   | 3 |  3.5
Ice Magic      | 1 |  1.7
Fighting       | |  0.5
Dodging        | |  2.6

Action                   |  1- 3 |  4- 6 || total
-------------------------+-------+-------++-------
Melee: Dagger            |   122 |    51 ||   173
       Bite              |     7 |     4 ||    11
Throw: Tomahawk          |       |     1 ||     1
 Cast: Corona            |     5 |       ||     5
       Ensorcelled Hiber |    19 |    20 ||    39
 Stab: Sleeping          |    28 |    24 ||    52
Armor: Robe              |    39 |     6 ||    45
Dodge: Dodged            |    70 |    27 ||    97
Block: Buckler           |    11 |     6 ||    17
